 Dungeon Crawl Stone Soup version 0.32-a0-432-g7d46fac (webtiles) character file.

Game seed: 15898947015487635551

585 staltz the Ruffian (level 7, 0/48 HPs)
             Began as a Djinni Shapeshifter on Feb 21, 2024.
             Slain by an orc warrior
             ... wielding a +0 morningstar
              (13 damage)
             ... on level 7 of the Dungeon on Feb 22, 2024.
             The game lasted 00:14:15 (5653 turns).

staltz the Ruffian (Djinni Shapeshifter)            Turns: 5653, Time: 00:14:16

Health: 0/48       AC:  5    Str: 15    XL:     7   Next: 64%
Gold:   296        EV: 11    Int: 11    God:
                   SH:  0    Dex: 13

rFire   + +          .
                       - Unarmed
rCold   x . .        (no shield)
rNeg    . . .        o - +0 ring mail
rPois   ∞            (helmet currently unavailable)
rElec   .            (cloak currently unavailable)
rCorr   .            (gloves currently unavailable)
SInv    .            (boots unavailable)
Will    .....        (no amulet)
Stlth   +            (no ring)
HPRegen 0.28/turn    (no ring)
MPRegen 0.00/turn

%: infuse magic (-1 HP)
@: beast-form, flying
A: beast (slay +1), flying, sickness immunity, fire resistance 2, cold
vulnerability 1, float, innate caster, HP casting, extra vitality 1
a: Begin Untransformation, Convert to Beogh


You were on level 7 of the Dungeon.
You were a hulking beast.
You visited 1 branch of the dungeon, and saw 6 of its levels.

You collected 296 gold pieces.

Inventory:

Missiles
 h - 2 throwing nets
 p - 53 stones (quivered)
Armour
 a - a +0 animal skin
 b - a +0 pair of gloves
 e - a +0 leather armour
 i - a scarf of harm
 o - a +0 ring mail (worn)
Talismans
 c - a beast talisman (active)
 d - a flux talisman
Wands
 s - a wand of acid (4)
Scrolls
 g - 2 scrolls of immolation
 j - 2 scrolls of vulnerability {unknown}
 k - a scroll of fog
 m - 2 scrolls of teleportation
 q - a scroll of acquirement {unknown}
 t - a scroll of revelation {unknown}
Potions
 f - 2 potions of attraction {unknown}
 l - a potion of resistance {unknown}
 n - a potion of berserk rage {unknown}
 r - a potion of curing {unknown}


   Skills:
 + Level 1.8 Fighting
 + Level 1.0 Throwing
 + Level 3.4 Armour
 + Level 3.4 Dodging
 + Level 1.0 Stealth
 + Level 5.5 Unarmed Combat
 + Level 3.4 Shapeshifting


You knew the following spells:

 Your Spells              Type           Power      Damage    Failure   Level
a - Freeze                Ice            0%         1d3       56%         1
b - Jinxbite              Hex            0%         N/A       71%         2
c - Passwall              Erth           0%         N/A       90%         3
Your spell library was empty.

Dungeon Overview and Level Annotations

Branches:
Dungeon (5/15)
 Temple: D:4-7

Altars:
Trog

Annotations:
D:5 Ijyb


Innate Abilities, Weirdness & Mutations

You are a hulking beast.
Your limbs bulge with bestial killing power. (Slay +1)
You are flying.
You are immune to sickness and miasma.
You are immune to poison.
Your flesh is very heat resistant. (rF++)
You are vulnerable to cold. (rC-)
You float through the air rather than walking.
You learn spells naturally, not from books.
Your magical power is your life essence.
You have superior vitality. (+4 MHP)


Message History

The orc priest calls down the wrath of Beogh upon you.
Pain shoots through your body!
Throw: dart (poison)
Press: ? - help, Q - select action, (/) - cycle Shift-Dir - straight line, f/p - orc priest
Aim: an orc priest, wielding a +0 whip and wearing a +0 leather armour (poisoned, 54% to hit)
You throw a poisoned dart. The poisoned dart hits the orc priest.
The orc priest looks even sicker.
An orc comes into view. It is wielding a +0 dagger.
Unknown command.
Okay, then.
Okay, then.
Throw: 54 stones
Press: ? - help, Q - select action, (/) - cycle Shift-Dir - straight line, f/p - orc priest
Aim: an orc priest, wielding a +0 whip and wearing a +0 leather armour (lightly wounded, very poisoned, 54% to hit)
You throw a stone.
The stone hits the orc warrior but does no damage.
You hit the orc warrior but do no damage.
The orc warrior hits you with a +0 morningstar.
Okay, then.
You punch the orc warrior!
The orc warrior is moderately wounded.
The orc warrior hits you with a +0 morningstar!
Aiming: Corrosive Bolt
Press: ? - help, Shift-Dir - straight line, p - orc priest The bolt of acid hits the orc warrior!
The acid corrodes the orc warrior!
The orc warrior is severely wounded.
The bolt of acid misses the orc priest.
The bolt of acid misses the orc.
The bolt of acid hits the orc!
The acid corrodes the orc!
You kill the orc!
The orc priest calls upon Beogh to heal the orc warrior.
The orc warrior is healed somewhat.
The orc warrior hits you with a +0 morningstar.
Unknown command.
You barely miss the orc warrior.
The orc warrior is heavily wounded.
The orc priest invokes the aid of Beogh against you.
Beogh smites you!
* * * LOW HITPOINT WARNING * * *
The orc warrior hits you with a +0 morningstar!
You die...

.......##
.......>######
..o.....#....#
#o#.##.#######
#$#)#........#
#o#.########.#
#o#.# #.####
#o#.# #....#
#h#.##### ####.#
#.#.....# #...#
#### #.#####.#
#.### #...
#.#####.# #.#
#...####.....#.#
#.####
#...'....###.#.#
#.#..<
#...####.# #.#
#.##.# #.... #.#
#.# #..... #....
#.# #.# ######


You could see an orc warrior (corroded), an orc priest (poisoned) and 2 orcs.

Vanquished Creatures
  A black bear (D:4)
  2 orc priests
  A bombardier beetle (D:3)
  A sleepcap (D:4)
  Jessica (D:3)
  Natasha (thrice) (D:2)
  An orc wizard (D:4)
  6 gnolls
  6 adders
  11 orcs
  4 ball pythons
  2 bats
  5 endoplasms
  2 giant cockroaches
  5 goblins
  6 hobgoblins
  5 jackals (D:1)
  6 kobolds
  3 quokkas (D:1)
  4 frilled lizards
  4 rats
79 creatures vanquished.

Notes
Turn   | Place    | Note
-------+----------+-------------------------------------------
     0 | D:1      | staltz the Djinni Shapeshifter began the quest for the Orb.
     0 | D:1      | Reached XP level 1. HP: 17/17 MP: 0/0
    45 | D:1      | Reached XP level 2. HP: 3/22 MP: 0/0
   405 | D:1      | Reached XP level 3. HP: 25/27 MP: 0/0
   405 | D:1      | Learned a level 1 spell: Freeze
   429 | D:1      | Found a faded altar of an unknown god.
  1044 | D:2      | Reached XP level 4. HP: 32/32 MP: 0/0
  1262 | D:2      | Reached skill level 1 in Armour
  1488 | D:2      | Noticed Natasha
  1498 | D:2      | Killed Natasha
  1499 | D:2      | Reached skill level 4 in Unarmed Combat
  1672 | D:2      | Noticed Natasha
  1683 | D:2      | Killed Natasha
  1684 | D:2      | Reached XP level 5. HP: 31/37 MP: 0/0
  1684 | D:2      | Learned a level 2 spell: Jinxbite
  1836 | D:2      | Noticed Natasha
  1893 | D:2      | Killed Natasha
  2357 | D:3      | Reached XP level 6. HP: 24/42 MP: 0/0
  2496 | D:3      | Noticed Jessica
  2709 | D:3      | Killed Jessica
  3130 | D:3      | Found a bloodstained altar of Trog.
  4088 | D:4      | Reached skill level 5 in Unarmed Combat
  4088 | D:4      | Reached XP level 7. HP: 28/47 MP: 0/0
  4088 | D:4      | Learned a level 3 spell: Passwall
  5026 | D:3      | Reached skill level 1 in Stealth
  5120 | D:4      | Reached skill level 1 in Throwing
  5204 | D:5      | Entered Level 5 of the Dungeon
  5287 | D:5      | Noticed Ijyb
  5434 | D:5      | Upgraded the game from 0.32-a0-422-g28b100f to
                  | 0.32-a0-432-g7d46fac
  5444 | D:5      | You are sucked into a shaft and drop 2 floors!
  5653 | D:7      | Slain by an orc warrior

Illustrated notes

Levels and vault maps discovered:
D:1:      arrival_zaba_pyramid, layout_loops_ring,
          chequers_ecumenical_altar_simple, fountainhead,
          hangedman_decor_clover_reticule
D:2:      layout_basic, uniq_natasha
D:3:      layout_loops_corners, trog_hazing_becter, tgw_sif
D:4:      layout_cave_pods, amethyst_killhole, chequers_serial_rivers_micro_b,
          item_on_display_a
D:5:      corexii_shack_village, layout_rooms, uniq_ijyb, uniq_menkaure
D:7:      layout_basic, minmay_temple_entry_statues, uniq_crazy_yiuf_cottage

Skill      XL: |  1  2  3  4  5  6  7 |
---------------+----------------------+-----
Shapeshifting  | 3 |  3.4
Armour         | 1 2 3 |  3.4
Unarmed Combat | 4 5 |  5.5
Dodging        | 3 |  3.4
Stealth        | 1 |  1.0
Throwing       | 1 |  1.0
Fighting       | |  1.8

Action                     |  1- 3 |  4- 6 |  7- 9 || total
---------------------------+-------+-------+-------++-------
  Melee: Unarmed           |    94 |   127 |    67 ||   288
         Punch             |       |     5 |     4 ||     9
  Throw: Dart              |       |    13 |    23 ||    36
         Stone             |       |       |     5 ||     5
  Evoke: Wand              |       |       |     1 ||     1
    Use: Potion            |       |     1 |       ||     1
         Scroll            |       |     3 |       ||     3
   Stab: Sleeping          |       |     1 |       ||     1
 Armour: Animal skin       |    13 |       |       ||    13
         Leather armour    |    35 |    16 |       ||    51
         Skin              |       |     4 |       ||     4
         Ring mail         |       |    63 |    44 ||   107
  Dodge: Dodged            |    78 |    69 |    46 ||   193

Table legend: (Time is in decaauts)
 A = Elapsed time spent in this place.
 B = Non-inter-level travel time spent in this place.
 C = Inter-level travel time spent in this place.
 D = Time resting spent in this place.
 E = Time spent auto-exploring this place.
 F = Levels seen in this place.
 G = Mean time per level.
                   A        B        C        D        E       F      G
               +--------+--------+--------+--------+--------+-----+--------+
         Total |   5638 |   5107 |    531 |   1369 |   2726 |   6 |  939.7 |
       Dungeon |   5638 |   5107 |    531 |   1369 |   2726 |   6 |  939.7 |
               +--------+--------+--------+--------+--------+-----+--------+

Top non-repeatable levels by time:
     D:3: 1742 daAuts
     D:4: 1487 daAuts
     D:2: 1195 daAuts
     D:1: 925 daAuts
     D:7: 208 daAuts
     D:5: 79 daAuts
